 Dungeon Crawl Stone Soup version 0.29-a0-334-gb41bcbb86e (webtiles) character file.

Game seed: 2402785401724657817

8 zishaf the Shield-Bearer (level 2, 0/20 HPs)
             Began as a Human Wanderer on Apr 14, 2022.
             Constricted to death by a ball python (1 damage)
             ... on level 1 of the Dungeon.
             The game lasted 00:00:54 (116 turns).

zishaf the Shield-Bearer (Human Wanderer)            Turns: 116, Time: 00:00:55

Health: 0/20       AC:  3    Str: 12    XL:     2   Next: 15%
Magic:  2/2        EV:  7    Int: 11    God:
Gold:   0          SH:  7    Dex: 13    Spells: 1/1 levels left

rFire   . . .      SeeInvis .   a - +0 spear
rCold   . . .      Faith    .   b - +2 buckler
rNeg    . . .      Spirit   .   e - +0 leather armour
rPois   .          Reflect  .   (no helmet)
rElec   .          Harm     .   (no cloak)
rCorr   .          Rampage  .   (no gloves)
Will    .....                   (no boots)
Stlth   +.........              (no amulet)
HPRegen 0.06/turn               (no ring)
MPRegen 0.08/turn               (no ring)

@: constricted
A: no striking features
a: no special abilities


You were on level 1 of the Dungeon.
You visited 1 branch of the dungeon, and saw 1 of its levels.

Inventory:

Hand Weapons
 a - a +0 spear (weapon)
Armour
 b - a +2 buckler (worn)
 e - a +0 leather armour (worn)
Scrolls
 d - a scroll of fog
 f - a scroll of teleportation {unknown}
 g - a scroll of vulnerability {unknown}
Miscellaneous
 c - a piece from Xom's chessboard (15/15) (quivered)


   Skills:
 + Level 0.6 Fighting
 + Level 2.2 Polearms
 + Level 1.3 Armour
 + Level 4.1 Shields
 - Level 3.0 Evocations


You had one spell level left.
You didn't know any spells.
Your spell library was empty.

Dungeon Overview and Level Annotations

Branches:
Dungeon (1/15)

Altars:

Annotations:
D:1 dig at entry for scroll


Message History

The jackal bites you.
* * * LOW HITPOINT WARNING * * *
You closely miss the jackal.
The jackal is almost dead.
The jackal misses you. You block the jackal's attack.
You hit the jackal.
You kill the jackal!
You have reached level 2!
You miss the jackal. The jackal barely misses you.
The jackal bites you but does no damage.
You hit the jackal but do no damage. The jackal closely misses you.
You hit the jackal.
The jackal is lightly wounded.
The jackal closely misses you. You block the jackal's attack.
You hit the jackal.
The jackal is almost dead.
The jackal misses you.
You barely miss the jackal.
The jackal is almost dead.
The jackal bites you but does no damage.
You barely miss the jackal.
The jackal is almost dead.
The jackal closely misses you. The jackal barely misses you.
You closely miss the jackal.
The jackal is almost dead.
The jackal bites you but does no damage. x2
You barely miss the jackal.
The jackal is almost dead.
You block the jackal's attack.
You hit the jackal.
You kill the jackal!
You hit the ball python.
The ball python is moderately wounded.
The ball python closely misses you. The ball python grabs you.
The ball python constricts you.
* * * LOW HITPOINT WARNING * * *
The ball python bites you.
* * * LOW HITPOINT WARNING * * *
The ball python constricts you.
You die...

#.....# #..#..#
#..#..# #..#..#
#..#..# #..#...
#..##.## ######..#
#.###########.†.@S..#
..............####.##
#..........#..# #.#
########...#..# #.#
#.# ##)##..# #.#
###### ##.##..# #.#
..'..###...#..## #.#
####................
#O######....#.###


You could see a ball python.

Vanquished Creatures
  A goblin (D:1)
  A hobgoblin (D:1)
  3 jackals (D:1)
  A quokka (D:1)
6 creatures vanquished.

Notes
Turn   | Place    | Note
-------+----------+-------------------------------------------
     0 | D:1      | zishaf the Human Wanderer began the quest for the Orb.
     0 | D:1      | zishaf set off with the following items: a +0 spear, a +2
                  | buckler, a piece from Xom's chessboard (15/15), a scroll of
                  | fog, a +0 leather armour
     0 | D:1      | Reached XP level 1. HP: 13/13 MP: 1/1
     2 | D:1      | Noticed a ghoul
     2 | D:1      | Noticed a tengu
     4 | D:1      | Noticed an octopode
     4 | D:1      | Noticed a vine stalker
     8 | D:1      | Noticed a merfolk
    15 | D:1      | Noticed a gargoyle
    17 | D:1      | Noticed a human
    17 | D:1      | Noticed a formicid
    19 | D:1      | Noticed a vampire
    19 | D:1      | Noticed a spriggan
    21 | D:1      | Noticed a felid
    23 | D:1      | Noticed an elf
    23 | D:1      | Noticed a draconian
    25 | D:1      | Noticed a demigod
    25 | D:1      | Noticed a dwarf
    27 | D:1      | Noticed a minotaur
    27 | D:1      | Noticed a demonspawn
    29 | D:1      | Noticed a naga
    29 | D:1      | Noticed a troll
    31 | D:1      | Noticed an ogre
   107 | D:1      | Reached XP level 2. HP: 2/20 MP: 2/2
   116 | D:1      | HP: 1/20 [ball python (1)]
   116 | D:1      | Constricted to death by a ball python

Illustrated notes

Levels and vault maps discovered:
D:1:      kb_arrival_jail, layout_loops_ring, minmay_tromino_v2

Action                   || total
-------------------------++-------
Melee: Spear             ||    37
Armor: Leather armour    ||    17
Dodge: Dodged            ||    17
Block: Buckler           ||    15

Table legend: (Time is in decaauts)
 A = Elapsed time spent in this place.
 B = Non-inter-level travel time spent in this place.
 C = Inter-level travel time spent in this place.
 D = Time resting spent in this place.
 E = Time spent auto-exploring this place.
 F = Levels seen in this place.
 G = Mean time per level.
                   A        B        C        D        E       F      G
               +--------+--------+--------+--------+--------+-----+--------+
         Total |    117 |    117 |      0 |      0 |     43 |   1 |  117.0 |
       Dungeon |    117 |    117 |      0 |      0 |     43 |   1 |  117.0 |
               +--------+--------+--------+--------+--------+-----+--------+

Top non-repeatable levels by time:
     D:1: 117 daAuts
